 Dungeon Sprint DCSS version 0.28.0-43-g3370ac3207 (webtiles) character file.

Game seed: 10624084051212336991

12537 boopmooplesden the Minotaur Blade (level 11, -8/126 HPs)
             Began as a Minotaur Berserker on Mar 11, 2022.
             Was the Champion of Trog.
             Killed from afar by a frost giant (45 damage)
             ... with a bolt of cold
             ... in the Dungeon (Sprint II: "The Violet Keep of Menkaure").
             The game lasted 00:06:24 (2623 turns).

boopmooplesden the Minotaur Blade (MiBe)            Turns: 2623, Time: 00:06:25

Health: -8/126     AC:  9    Str: 23    XL:     11   Next: 63%
Magic:  10/10      EV: 20    Int:  2    God:    Trog [******]
Gold:   399        SH:  0    Dex: 21    Spells: 10/10 levels left

rFire   . . .      SeeInvis .   l - +2 great sword (vorpal)
rCold   . . .      Faith    .   (shield currently unavailable)
rNeg    + + .      Spirit   .   y - +2 leather armour
rPois   +          Reflect  .   (helmet restricted)
rElec   .          Harm     +   (no cloak)
rCorr   +          Rampage  +   i - +2 pair of gloves
Will    .....      NoTele   +   p - +0 pair of boots of Jolo {Contam Harm Rampage Drain}
Stlth   ++++......              (no amulet)
HPRegen 0.31/turn               j - ring "Butiteer" {rN+ Str+4 Dex+6}
MPRegen 0.12/turn               A - ring of Yriunt {rPois rN+ rCorr Str-4 Int-2}

@: on berserk cooldown, slowed, very slow
A: horns 2, retaliatory headbutt, agile 1, deformed body
a: Renounce Religion, Berserk, Trog's Hand, Brothers in Arms


You were in the Dungeon.
You worshipped Trog.
Trog was exalted by your worship.
You visited 1 branch You collected 1716 gold pieces.
You spent 1317 gold pieces at shops.

Inventory:

Hand Weapons
 a - a +0 falchion
 l - a +2 vorpal great sword (weapon)
 o - a +3 antimagic double sword
 u - the +11 long sword of an ossuary {vorpal, Drain +Blink Str+3 Int+2}
   (You bought it in a shop in the Dungeon)

   It inflicts extra damage upon your enemies.
   Str:       It affects your strength (+3).
   Int:       It affects your intelligence (+2).
   +Blink:    It lets you blink.
   Drain:     It drains your maximum health when unequipped.
 v - a +1 long sword
Armour
 b - a +0 animal skin
 i - a +2 pair of gloves (worn)
 p - the +0 pair of boots of Jolo (worn) {Contam Harm Rampage Drain}
   (You bought it in a shop in the Dungeon)

   Contam:    It causes magical contamination when unequipped.
   Drain:     It drains your maximum health when unequipped.
   Harm:      It increases damage dealt and taken.
   Rampage:   It bestows one free step when moving towards enemies.
 y - a +2 leather armour (worn)
Jewellery
 j - the ring "Butiteer" (left hand) {rN+ Str+4 Dex+6}
   (You bought it in a shop in the Dungeon)

   [ring of positive energy]

   Str:       It affects your strength (+4).
   Dex:       It affects your dexterity (+6).
   rN:        It protects you from negative energy.
 s - a ring of fire
 A - the ring of Yriunt (right hand) {rPois rN+ rCorr Str-4 Int-2}
   (You bought it in a shop in the Dungeon)

   [ring of positive energy]

   Str:       It affects your strength (-4).
   Int:       It affects your intelligence (-2).
   rPois:     It protects you from poison.
   rN:        It protects you from negative energy.
   rCorr:     It protects you from acid and corrosion.
Scrolls
 h - a scroll of blinking
 k - a scroll of fog
Potions
 c - 4 potions of curing
 d - a potion of heal wounds
 e - 3 potions of haste
 f - 5 potions of magic
 g - a potion of berserk rage
 m - 6 potions of flight
 n - a potion of lignification {unknown}
 q - a potion of degeneration
 r - a potion of brilliance {unknown}
 t - a potion of mutation
 w - 3 potions of resistance
 x - a potion of might
 z - a potion of ambrosia


   Skills:
 + Level 20.6 Fighting
 + Level 21.6 Long Blades
 + Level 8.7 Armour
 + Level 11.9 Dodging
 + Level 7.7 Stealth


You had 10 spell levels left.
You didn't know any spells.
Your spell library was empty.

Dungeon Overview and Level Annotations

Branches:
Dungeon (1/1)

Altars:
Cheibriados
Dithmenos
Elyvilon
Fedhas
Gozag
Hepliaklqana
Kikubaaqudgha
Makhleb
Nemelex Xobeh
Okawaru
Qazlal
Ru
Sif Muna
Trog
Uskayaw
Vehumet
Wu Jian
Xom
Yredelemnul
Zin
The Shining One
Beogh
Jiyva
Lugonu

Shops:
D =[!:[((!((?[=**![?((=([?!:*

Annotations:
D exclusions: ice statue and oklob plant


Innate Abilities, Weirdness & Mutations

You have a pair of horns on your head.
You reflexively headbutt those who attack you in melee.
You are agile. (Dex +2)
Armour fits poorly on your strangely shaped body.


Message History

A frost giant comes into view.
It is wielding a +2 battleaxe of freezing.
You slash the bone dragon!
The bone dragon is heavily damaged.
You slice the bone dragon!! Your headbutt misses the bone dragon.
The bone dragon is severely damaged.
The bone dragon closely misses you. You furiously retaliate!
You headbutt the bone dragon! The bone dragon completely misses you.
The bone dragon misses you.
You slice the bone dragon!!
You destroy the bone dragon!
Trog accepts your kill.
You are no longer berserk.
You are exhausted.
You feel yourself slow down.
You hit the frost giant but do no damage.
You headbutt the frost giant!!
The frost giant is lightly wounded.
The frost giant hits you with a +2 battleaxe of freezing!
The frost giant freezes you.
You hit the frost giant but do no damage.
You headbutt the frost giant, but do no damage.
The frost giant is lightly wounded.
The frost giant completely misses you.
You slash the frost giant! You headbutt the frost giant.
The frost giant is moderately wounded.
The frost giant barely misses you.
You slash the frost giant!
The frost giant is heavily wounded.
The frost giant hits you with a +2 battleaxe of freezing!
The frost giant freezes you.
* * * LOW HITPOINT WARNING * * *
You hit the frost giant. You headbutt the frost giant.
The frost giant is severely wounded.
The frost giant closely misses you.
You slash the frost giant!
You headbutt the frost giant, but do no damage.
The frost giant is severely wounded.
The frost giant points at you and mumbles some strange words.
The bolt of cold hits you!!!
You die...

########### #....†÷').#
#.(..[)#@.####
#'######C##÷.####+####
#∩∩∩∩∩∩#..'.##≈≈≈≈≈≈≈##
#∩∩∩∩∩∩#..###≈≈§≈§≈≈≈≈##
#########..+SS§≈≈§≈§≈S≈#
#...####≈≈§≈§≈≈§≈
DDD......≈## ≈≈≈S≈
############≈≈#+++#+++##
###########≈≈≈....)....#


You could see a frost giant.

Vanquished Creatures
  A bone dragon (D)
  A storm dragon (D)
  Kirke (D)
  A cacodemon (D)
  A yaktaur captain (D)
  A fire dragon (D)
  2 boulder beetles (D)
  A centaur warrior (D)
  A skeletal warrior (D)
  An elephant (D)
  A kobold demonologist (D)
  A yaktaur (D)
  5 polar bears (D)
  A hornet (D)
  3 yaks (D)
  5 wyverns (D)
  4 neqoxecs (D)
  4 water moccasins (D)
  5 necrophages (D)
  A scorpion (D)
  An iron imp (D)
  2 spectral ball pythons (D)
44 creatures vanquished.

Vanquished Creatures (others)
  Menkaure (D)
  A water moccasin (D)
  8 tentacles (D)
10 creatures vanquished.

Grand Total: 54 creatures vanquished

Notes
Turn   | Place    | Note
-------+----------+-------------------------------------------
     0 | D        | boopmooplesden the Minotaur Berserker began the quest for
                  | the Orb.
     0 | D        | Reached XP level 1. HP: 19/19 MP: 0/0
     1 | D        | Noticed a necrophage
     1 | D        | Noticed a necrophage
     1 | D        | Noticed a necrophage
     1 | D        | Noticed a necrophage
     5 | D        | Killed a necrophage
     6 | D        | Reached skill level 7 in Long Blades
     6 | D        | Reached XP level 2. HP: 34/34 MP: 1/1
     6 | D        | Reached XP level 3. HP: 39/39 MP: 2/2
     6 | D        | Reached XP level 4. HP: 47/47 MP: 3/3
     6 | D        | Killed a necrophage
     7 | D        | Reached skill level 9 in Long Blades
     7 | D        | Reached XP level 5. HP: 56/56 MP: 4/4
    10 | D        | Killed a necrophage
    10 | D        | Reached ** piety under Trog
    11 | D        | Reached skill level 10 in Long Blades
    11 | D        | Reached skill level 5 in Armour
    11 | D        | Reached XP level 6. HP: 66/66 MP: 5/5
    14 | D        | Reached skill level 10 in Fighting
    14 | D        | Reached skill level 11 in Long Blades
    14 | D        | Reached skill level 5 in Dodging
    61 | D        | Killed Menkaure
    74 | D        | Killed a water moccasin
   167 | D        | Noticed a wyvern
   167 | D        | Noticed a wyvern
   177 | D        | Killed a wyvern
   178 | D        | Reached skill level 12 in Long Blades
   178 | D        | Killed a wyvern
   179 | D        | Reached XP level 7. HP: 32/77 MP: 6/6
   419 | D        | Noticed a boulder beetle
   419 | D        | Noticed a boulder beetle
   422 | D        | Noticed a neqoxec
   423 | D        | Noticed a neqoxec
   429 | D        | Killed a neqoxec
   429 | D        | Reached *** piety under Trog
   430 | D        | Reached skill level 13 in Long Blades
   432 | D        | Killed a neqoxec
   434 | D        | Noticed a neqoxec
   435 | D        | Noticed a neqoxec
   437 | D        | Gained mutation: Armour fits poorly on your strangely
                  | shaped body. [a neqoxec]
   441 | D        | Killed a neqoxec
   442 | D        | Reached XP level 8. HP: 70/86 MP: 7/7
   450 | D        | Reached skill level 14 in Long Blades
   450 | D        | Found Tuobiheh's Antique Armour Emporium.
   450 | D        | Found Kienn's Assorted Antiques.
   450 | D        | Found Yxao's Antique Weapon Shoppe.
   450 | D        | Found Fuvvazet's Book Shoppe.
   450 | D        | Found Reaptesh's Antique Armour Emporium.
   450 | D        | Found Yblaeqil's Jewellery Emporium.
   450 | D        | Found Bitest's Distillery.
   451 | D        | Found Lochusu's Jewellery Emporium.
   451 | D        | Found Seos's Magic Scroll Emporium.
   451 | D        | Found Cyl Iclu's Antique Armour Shoppe.
   451 | D        | Found Huihuiwu's Magic Scroll Shoppe.
   472 | D        | Noticed a manticore
   479 | D        | Reached **** piety under Trog
   646 | D        | Reached skill level 1 in Stealth
   655 | D        | Found Menliukumni's Distillery.
   655 | D        | Found Yhintuu's Antique Weapon Emporium.
   655 | D        | Noticed a manticore
   655 | D        | Noticed a manticore
   655 | D        | Noticed an oklob plant
   656 | D        | Found Mepnoe Dikil's Distillery.
   656 | D        | Found Wugaurios's Book Shoppe.
   658 | D        | Noticed a death yak
   660 | D        | Bought a pair of runed gloves for 210 gold pieces
   665 | D        | Noticed a great orb of eyes
   677 | D        | Bought the ring "Butiteer" {rN+ Str+4 Dex+6} for 528 gold
                  | pieces
   690 | D        | Noticed an ice statue
   699 | D        | Found a stormy altar of Qazlal.
   699 | D        | Found an ornate altar of the Wu Jian Council.
   699 | D        | Found a glowing golden altar of the Shining One.
   700 | D        | Found a hazy altar of Hepliaklqana.
   700 | D        | Found a sacrificial altar of Ru.
   700 | D        | Found a shimmering altar of Xom.
   701 | D        | Found a viscous altar of Jiyva.
   701 | D        | Found a shimmering blue altar of Sif Muna.
   701 | D        | Found a basalt altar of Yredelemnul.
   702 | D        | Found a snail-covered altar of Cheibriados.
   702 | D        | Found an ancient bone altar of Kikubaaqudgha.
   702 | D        | Found a bloodstained altar of Trog.
   703 | D        | Found a shadowy altar of Dithmenos.
   703 | D        | Found a corrupted altar of Lugonu.
   704 | D        | Found a white marble altar of Elyvilon.
   704 | D        | Found a burning altar of Makhleb.
   797 | D        | Found a blossoming altar of Fedhas.
   799 | D        | Noticed a yaktaur
   799 | D        | Noticed a hornet
   799 | D        | Noticed a polar bear
   799 | D        | Noticed a polar bear
   805 | D        | Killed a polar bear
   806 | D        | Reached skill level 15 in Long Blades
   809 | D        | Killed a polar bear
   810 | D        | Noticed a polar bear
   812 | D        | Killed a hornet
   816 | D        | Killed a yaktaur
   816 | D        | Reached ***** piety under Trog
   817 | D        | Reached skill level 15 in Fighting
   817 | D        | Reached XP level 9. HP: 80/97 MP: 8/8
   824 | D        | Killed a polar bear
   825 | D        | Reached skill level 16 in Long Blades
  1028 | D        | Found an opulent altar of Gozag.
  1034 | D        | Noticed a kraken
  1193 | D        | Found a sparkling altar of Nemelex Xobeh.
  1193 | D        | Found a hide-covered altar of Uskayaw.
  1200 | D        | Found a radiant altar of Vehumet.
  1200 | D        | Found a glowing silver altar of Zin.
  1200 | D        | Found an iron altar of Okawaru.
  1520 | D        | Killed a boulder beetle
  1520 | D        | Received a gift from Trog
  1521 | D        | Reached skill level 17 in Long Blades
  1670 | D        | Killed a boulder beetle
  1753 | D        | Noticed Kirke
  1753 | D        | Noticed a skeletal warrior
  1753 | D        | Noticed a kobold demonologist
  1767 | D        | Killed Kirke
  1768 | D        | Reached skill level 18 in Long Blades
  1768 | D        | Reached XP level 10. HP: 112/112 MP: 9/9
  1771 | D        | Killed a skeletal warrior
  1772 | D        | Reached skill level 10 in Dodging
  1772 | D        | Reached skill level 5 in Stealth
  1784 | D        | Noticed a centaur warrior
  1787 | D        | Killed a centaur warrior
  1788 | D        | Reached skill level 19 in Long Blades
  1807 | D        | Noticed an elephant
  1822 | D        | Killed an elephant
  1822 | D        | Received a gift from Trog
  1830 | D        | Gained mutation: You are agile. (Dex +2) [a neqoxec]
  1832 | D        | Noticed a sixfirhy
  1882 | D        | Noticed a yaktaur captain
  1886 | D        | Killed a yaktaur captain
  2290 | D        | Received a gift from Trog
  2293 | D        | Reached XP level 11. HP: 91/122 MP: 10/10
  2397 | D        | Reached skill level 20 in Long Blades
  2404 | D        | Noticed a fire dragon
  2415 | D        | Killed a fire dragon
  2416 | D        | Reached ****** piety under Trog
  2429 | D        | Found Unkuypn's Jewellery Emporium.
  2429 | D        | Found Pies's Armour Shop.
  2429 | D        | Found Rekaysog's Armour Shop.
  2429 | D        | Found Vischiq Ifil's Weapon Shoppe.
  2429 | D        | Found Lujerih's Antique Weapon Boutique.
  2430 | D        | Found Jiekeukk's Weapon Shoppe.
  2430 | D        | Found Zorgh's Assorted Antiques.
  2430 | D        | Found Huytuege's Antique Weapon Emporium.
  2430 | D        | Found Zuevioc's Magic Scroll Shop.
  2430 | D        | Found Zegeps's General Store.
  2430 | D        | Found Jeaf's Antique Weapon Shop.
  2430 | D        | Found Akkaphaath's Distillery.
  2434 | D        | Bought the +0 pair of boots of Jolo {Contam Harm Rampage
                  | Drain} for 54 gold pieces
  2452 | D        | Bought a transparent long sword for 187 gold pieces
  2452 | D        | Identified the +11 long sword of an ossuary {vorpal, Drain
                  | +Blink Str+3 Int+2} (You bought it in a shop in the
                  | Dungeon)
  2458 | D        | Bought the ring of Yriunt {rPois rN+ rCorr Str-4 Int-2} for
                  | 338 gold pieces
  2586 | D        | Noticed a cacodemon
  2586 | D        | Noticed a storm dragon
  2586 | D        | Noticed a golden dragon
  2587 | D        | Noticed a bone dragon
  2605 | D        | Killed a storm dragon
  2605 | D        | Received a gift from Trog
  2609 | D        | Killed a cacodemon
  2610 | D        | Reached skill level 21 in Long Blades
  2613 | D        | Noticed a frost giant
  2616 | D        | Killed a bone dragon
  2623 | D        | Killed from afar by a frost giant

Illustrated notes

Levels and vault maps discovered:
D:        the_violet_keep_of_menkaure [sprint2_stairs_cluster_1,
          sprint2_shoproom, sprint2_temple, sprint2_basic_supplies,
          sprint2_obstacle_2, sprint2_obstacle_6, sprint2_obstacle_7,
          sprint2_obstacle_3, sprint2_obstacle_1, sprint2_timed_cluster_1,
          sprint2_smallroom_cluster_1, sprint2_smallroom_final_cluster_1,
          sprint2_transparent_cluster_1, sprint2_second_timed_cluster_1,
          sprint2_sniper_area_1, sprint2_heavy_combat_area_1,
          sprint2_mutation_trap_area_1, sprint2_forest_area_1,
          sprint2_light_combat_area_1, sprint2_behind_water_1,
          sprint2_near_end_vault_1]

Skill      XL: |  1  2  3  4  5  6  7  8  9 10 11 |
---------------+----------------------------------+-----
Fighting       | 7 8 9 12 13 15 17 19 20 | 20.6
Long Blades    | 7 9 10 12 13 15 18 19 21 | 21.6
Armour         | 4 5 6 7 8 |  8.7
Dodging        | 3 4 5 6 8 9 11 | 11.9
Stealth        | 2 4 6 7 |  7.7

Action                   |  1- 3 |  4- 6 |  7- 9 | 10-12 || total
-------------------------+-------+-------+-------+-------++-------
Melee: Falchion          |     3 |    17 |    70 |       ||    90
       Headbutt          |     2 |     4 |    16 |    17 ||    39
       Great sword       |       |       |     7 |    69 ||    76
       Long sword        |       |       |     6 |       ||     6
       Punch             |       |       |     1 |       ||     1
Invok: Berserk           |     1 |     1 |     5 |     4 ||    11
  Use: Scroll            |       |       |    13 |     1 ||    14
 Stab: Sleeping          |       |       |     1 |     3 ||     4
Armor: Animal skin       |       |     2 |     3 |       ||     5
       Leather armour    |       |       |     4 |    11 ||    15
Dodge: Dodged            |     1 |     5 |    57 |    58 ||   121
